 Dungeon Crawl Stone Soup version 0.25.1-2-g60ff931df9 (webtiles) character file.

Game seed: 378474664474662417

805 Ijustatesigmund the Chopper (level 7, -7/50 HPs)
             Began as an Octopode Fighter on Aug 18, 2020.
             Mangled by a killer bee (8 damage)
             ... on level 7 of the Dungeon.
             The game lasted 00:07:25 (5600 turns).

Ijustatesigmund the Chopper (Octopode Fighter)      Turns: 5600, Time: 00:07:26

Health: -7/50      AC:  1    Str: 16    XL:     7   Next: 91%
Magic:  16/16      EV: 13    Int: 10    God:
Gold:   410        SH:  9    Dex: 18    Spells: 6/6 levels left

rFire    + . .     SeeInvis +   l - +7 spear of Contention {vorpal, rPois Dex+5}
rCold    . . .     Gourm    .   b - +0 kite shield
rNeg     + . .     Faith    .   (helmet restricted)
rPois    +         Spirit   .   r - amulet of regeneration
rElec    .         Reflect  .   e - ring of protection from fire
rCorr    +         Harm     .   p - ring of protection from magic
MR       +....                  k - ring of magical power
Stlth    +++.......             m - ring of positive energy
HPRegen  0.56/turn              x - ring of see invisible
MPRegen  0.15/turn              y - ring of resist corrosion
                                (no ring)
                                (no ring)

@: lethally poisoned (-7 -> -7), about to teleport, marked
A: almost no armour, stealthy swim, amphibious, 8 rings, constrict 8, camouflage
1, gelatinous body 1
a: no special abilities


You were on level 7 of the Dungeon.
You were hungry.

You visited 2 branches of the dungeon, and saw 8 of its levels.

You collected 410 gold pieces.

Inventory:

Hand Weapons
 a - a +0 war axe
 l - the +7 spear of Contention (weapon) {vorpal, rPois Dex+5}
   (You found it on level 4 of the Dungeon)

   It inflicts extra damage upon your enemies.
   It affects your dexterity (+5).
   It protects you from poison.
Armour
 b - a +0 kite shield (worn)
Jewellery
 e - a ring of protection from fire (left tentacle)
 i - an uncursed amulet of the acrobat
 k - a ring of magical power (on tentacle)
 m - a ring of positive energy (on tentacle)
 p - a ring of protection from magic (right tentacle)
 r - an amulet of regeneration (around mantle)
 x - a ring of see invisible (on tentacle)
 y - a ring of resist corrosion (on tentacle)
Wands
 o - a wand of paralysis (11)
 s - a wand of digging (5)
 t - a wand of flame (14)
 u - a wand of disintegration (21)
 z - a wand of acid (4)
Scrolls
 n - 4 scrolls of teleportation
Potions
 c - a potion of might
 f - 2 potions of stabbing
 g - 2 potions of flight
 h - a potion of ambrosia
 j - 2 potions of curing
 q - 3 potions of heal wounds
 v - 2 potions of haste
 w - a potion of invisibility {unknown}
 A - a potion of berserk rage {unknown}
Comestibles
 d - 14 rations


   Skills:
 + Level 5.5 Fighting
 + Level 6.5 Axes
 + Level 2.0 Throwing
 + Level 3.8 Dodging
 - Level 3.0 Shields


You had 6 spell levels left.
You didn't know any spells.
Your spell library was empty.

Dungeon Overview and Level Annotations

Branches:
Dungeon (7/15)             Temple (1/1) D:5

Altars:
Ashenzari
Cheibriados
Elyvilon
Gozag
Hepliaklqana
Kikubaaqudgha
Makhleb
Nemelex Xobeh
Qazlal
Ru
Trog
Uskayaw
Vehumet
Wu Jian
Xom
Yredelemnul
Zin
The Shining One

Shops:
D:5 *

Portals:
Bailey: D:7


Innate Abilities, Weirdness & Mutations

You cannot wear most types of armour.
You are very stealthy in the water. (Stealth+)
You are amphibious.
You can wear up to eight rings at the same time.
You can use your tentacles to constrict eight enemies at once.
Your skin changes colour to match your surroundings (Stealth+).
Your rubbery body absorbs attacks. (AC +1, EV +1)


Message History

The killer bee stings you. x2
The orc priest mumbles some strange prayers to Beogh against you.
Beogh smites you!
You hear a bark!
You hear a bellow!
You hear an angry squeal.
You hear an angry hiss.
You hear a shout! x2
Something shouts, "Scamper away, thou qualling hasty-witted Cock-Lorel!"
You hear a shout! x6
As you read the scroll of teleportation, it crumbles to dust.
You feel strangely unstable.
You feel sick. You block the killer bee's attack. The killer bee stings you.
An orc priest comes into view. It is wielding a +0 hand axe.
The killer bee barely misses you.
You feel sick. The killer bee completely misses you. The killer bee stings you.
The killer bee stings you!
* * * LOW HITPOINT WARNING * * *
The killer bee stings you.
* * * LOW HITPOINT WARNING * * *
The killer bee completely misses you. You block the killer bee's attack.
The killer bee stings you!
You die...

##... #. ### #[..
#.##...). ##.## #..##
#.....)∩)
#...###...####....o.).
#....#.....(##..o.....
#....##..........o....
##.....#.....yo........
#.###........yy........
###......[.....@y........
##...............ya.....∩.
.....##...................
.####...................∩.
..........................
...........##.............
..........#####...........
.####.....# #...#######.
...#.....##


You could see a worker ant, 5 killer bees, 3 orc priests and an orc.

Vanquished Creatures
  An ogre (D:6)
  A centaur (D:5)
  A crocodile (D:5)
  A wyvern skeleton (D:6)
  2 crimson imps
  A hound (D:5)
  2 orc wizards
  A bullfrog skeleton (D:5)
  Ijyb (D:4)
  Jessica (D:2)
  An iguana (D:7)
  Natasha (thrice) (D:2)
  A worker ant (D:5)
  Robin (D:2)
  3 adders (D:2)
  An ooze (D:3)
  An adder skeleton (D:5)
  4 worms
  2 dart slugs
  A leopard gecko (D:5)
  8 orcs
  A bat zombie (D:3)
  3 giant cockroaches
  20 goblins
  10 hobgoblins
  6 jackals
  9 kobolds
  3 quokkas
  2 ball pythons
  3 bats
  3 frilled lizards
  A leopard gecko skeleton (D:5)
  5 rats
  A rat zombie (D:3)
105 creatures vanquished.

Notes
Turn   | Place    | Note
-------+----------+-------------------------------------------
     0 | D:1      | Ijustatesigmund the Octopode Fighter began the quest for
                  | the Orb.
     0 | D:1      | Reached XP level 1. HP: 16/16 MP: 1/1
   262 | D:1      | Reached XP level 2. HP: 17/21 MP: 2/2
   844 | D:2      | Reached skill level 3 in Axes
   911 | D:2      | Reached XP level 3. HP: 26/26 MP: 3/3
   970 | D:2      | Noticed Jessica
   971 | D:2      | Noticed Natasha
   975 | D:2      | Killed Jessica
   976 | D:2      | Reached XP level 4. HP: 26/32 MP: 4/4
   978 | D:2      | Killed Natasha
  1104 | D:2      | Noticed Natasha
  1110 | D:2      | Killed Natasha
  1110 | D:2      | Reached skill level 4 in Axes
  1334 | D:2      | Noticed Robin
  1340 | D:2      | Reached XP level 5. HP: 27/37 MP: 5/5
  1344 | D:2      | Killed Robin
  1683 | D:2      | Found a hide-covered altar of Uskayaw.
  1883 | D:2      | Noticed Natasha
  1889 | D:2      | Killed Natasha
  2304 | D:3      | Found an ancient bone altar of Kikubaaqudgha.
  2731 | D:3      | Reached skill level 5 in Axes
  2731 | D:3      | Reached XP level 6. HP: 44/44 MP: 6/6
  3400 | D:4      | Noticed Ijyb
  3412 | D:4      | Killed Ijyb
  3555 | D:4      | Got a shimmering spear
  3556 | D:4      | Identified the +7 spear of Contention {vorpal, rPois Dex+5}
                  | (You found it on level 4 of the Dungeon)
  3827 | D:5      | Entered Level 5 of the Dungeon
  3885 | D:5      | Found a staircase to the Ecumenical Temple.
  3904 | Temple   | Entered the Ecumenical Temple
  4297 | D:5      | Reached skill level 6 in Axes
  4297 | D:5      | Reached XP level 7. HP: 41/49 MP: 7/7
  4366 | D:5      | Reached skill level 5 in Fighting
  4516 | D:5      | Reached skill level 1 in Throwing
  4578 | D:5      | Found Zin's Purification Station.
  4578 | D:5      | Found a glowing silver altar of Zin.
  4921 | D:5      | Found a radiant altar of Vehumet.
  4924 | D:5      | Found a bloodstained altar of Trog.
  4925 | D:5      | Found an ornate altar of the Wu Jian Council.
  4925 | D:5      | Found a white marble altar of Elyvilon.
  4930 | D:5      | Found a stormy altar of Qazlal.
  5196 | D:6      | Found a burning altar of Makhleb.
  5594 | D:7      | Found a flagged portal.
  5600 | D:7      | HP: 1/50 [killer bee (6)]
  5600 | D:7      | Mangled by a killer bee

Illustrated notes

Levels and vault maps discovered:
D:1:      roderic_dead_forest, layout_basic
D:2:      layout_basic, marbit_many_paths, minmay_misc_feat_plants,
          chequers_serial_rivers_micro_c, uniq_robin, uniq_jessica, uniq_natasha
D:3:      layout_loops_corners, lemuel_zombie_altar_kikubaaqudgha
D:4:      kennysheep_the_goblin_king, layout_rooms
D:5:      layout_gridville, zin_purify, minitemple, minmay_temple_entry_wispy,
          first_ration, minmay_misc_feat_roman
D:6:      layout_rooms, bloody_makhleb, patterned_corridor
D:7:      layout_cave_pools, enter_bailey_2, serial_shops,
          kennysheep_little_box, nicolae_shop_competitors_out_of_business,
          grunt_livestock, uniq_crazy_yiuf_cottage
Temple:   compressed_dpeg_triangle_lava_temple

Skill      XL: |  1  2  3  4  5  6  7 |
---------------+----------------------+-----
Axes           | 3 4 5 6 |  6.5
Fighting       | 4 5 |  5.5
Throwing       | 2 |  2.0
Dodging        | |  3.8
Shields        | |  3.0

Action                   |  1- 3 |  4- 6 |  7- 9 || total
-------------------------+-------+-------+-------++-------
Melee: War axe           |    31 |   101 |       ||   132
       Constrict         |     8 |    34 |     6 ||    48
       Tentacles         |       |    24 |    12 ||    36
       Spear             |       |    18 |    36 ||    54
  Use: Scroll            |     3 |     5 |     4 ||    12
       Potion            |     1 |       |       ||     1
 Stab: Sleeping          |     2 |    13 |     1 ||    16
  Eat: Chunk             |       |    10 |     4 ||    14
Armor: Skin              |     1 |     8 |       ||     9
Dodge: Dodged            |    18 |    54 |    12 ||    84
Block: Kite shield       |    18 |    54 |    13 ||    85
